 Dungeon Crawl Stone Soup version 0.30.1-4-g462c640d31 (webtiles) character file.

Game seed: 12787847188519876168

614 fireball365 the Cleaver (level 7, 0/58 HPs)
             Began as a Hill Orc Fighter on Sept 17, 2023.
             Succumbed to a water moccasin's poison
             ... on level 4 of the Dungeon.
             The game lasted 00:08:06 (2655 turns).

fireball365 the Cleaver (Hill Orc Fighter)          Turns: 2655, Time: 00:08:07

Health: 0/58       AC: 12    Str: 21    XL:     7   Next: 44%
Magic:  7/7        EV:  7    Int:  8    God:
Gold:   157        SH: 14    Dex: 16    Spells: 6/6 levels left

rFire   + . .        a - +0 war axe
rCold   + . .        s - +0 kite shield
rNeg    . . .        o - +1 chain mail
rPois   .            h - +2 hat
rElec   .            t - scarf {rC+ rF+}
rCorr   .            (no gloves)
SInv    .            (no boots)
Will    .....        n - amulet of reflection Stlth
                     j - +6 ring of dexterity
HPRegen 0.29/turn    (no ring)
MPRegen 0.10/turn

%: reflection
@: lethally poisoned (0 -> -3)
A: no striking features
a: no special abilities


You were on level 4 of the Dungeon.
You visited 1 branch of the dungeon, and saw 4 of its levels.

You collected 157 gold pieces.

Inventory:

Hand Weapons
 a - a +0 war axe (weapon)
Missiles
 u - 6 poisoned darts (quivered)
Armour
 b - a +0 scale mail
 c - a +0 buckler
 h - a +2 hat (worn)
 o - a +1 chain mail (worn)
 q - a +0 helmet
 s - a +0 kite shield (worn)
 t - a scarf of resistance (worn)
Jewellery
 j - a +6 ring of dexterity (left hand)
 n - an amulet of reflection (around neck)
Scrolls
 e - 3 scrolls of teleportation
 f - a scroll of fear {unknown}
 m - 3 scrolls of identify
 p - 3 scrolls of vulnerability
Potions
 d - a potion of might
 g - a potion of resistance
 i - a potion of mutation {unknown}
 k - a potion of lignification {unknown}
 l - 2 potions of curing {unknown}
 r - a potion of degeneration {unknown}
 v - a potion of haste {unknown}
 w - a potion of brilliance {unknown}


   Skills:
 - Level 3.8 Fighting
 + Level 8.0 Axes
 + Level 5.4 Armour
 + Level 1.0 Dodging
 + Level 0.2 Stealth
 + Level 4.4 Shields


You had 6 spell levels left.
You didn't know any spells.
Your spell library contained the following spells:

 Spells                   Type           Power      Damage    Failure   Level
 Summon Small Mammal      Summ           0%         N/A       99%         1
 Call Canine Familiar     Summ           0%         N/A       100%        3
 Summon Guardian Golem    Hex/Summ       0%         N/A       100%        3


Dungeon Overview and Level Annotations

Branches:
Dungeon (4/15)
 Temple: D:4-7

Altars:

Shops:
D:2 (


Message History

You miss the water moccasin.
The water moccasin is moderately wounded.
You feel sick.
You block the water moccasin's attack. x2
You miss the water moccasin.
The water moccasin is moderately wounded.
You feel sick.
The water moccasin bites you but does no damage.
The water moccasin bites you.
You hit the water moccasin but do no damage.
The water moccasin is moderately wounded.
You feel sick.
The water moccasin bites you but does no damage.
You barely miss the water moccasin.
The water moccasin is moderately wounded.
You feel sick. You block the water moccasin's attack.
The water moccasin bites you.
* * * LOW HITPOINT WARNING * * *
You are lethally poisoned!
The water moccasin poisons you!
As you read the scroll of teleportation, it crumbles to dust.
You feel strangely unstable.
* * * LOW HITPOINT WARNING * * *
You feel very sick.
The water moccasin bites you but does no damage.
* * * LOW HITPOINT WARNING * * *
You feel very sick. You block the water moccasin's attack.
The water moccasin completely misses you.
Your surroundings suddenly seem different.
* * * LOW HITPOINT WARNING * * *
You feel very sick.
* * * LOW HITPOINT WARNING * * *
You feel sick.
* * * LOW HITPOINT WARNING * * *
You feel sick.
* * * LOW HITPOINT WARNING * * *
You feel sick.
* * * LOW HITPOINT WARNING * * *
You feel sick.
You die...

#..... ###)...... #...... ..
#..###.# #.####+ . #..###.# ..#
#. #..##... #.# #. # #..##..#
..####### #.. .#####..##..#
#.......#####..####..##..........
#....................##.######...
##....####......@# #.# #.##
......# #######.# #.# #.# ......#
#.# #.# #.# ##.##.# #.# #.# #.#
#.##.# #.# #.# #.# ##.##.#
#..#####.######.# ......#
##..............
.###..###############.#.######.
...#.......[......###.#.#


There were no monsters in sight!

Vanquished Creatures
  Sigmund (D:3)
  An ogre (D:4)
  A phantom (D:4)
  A scorpion (D:4)
  An orc priest (D:3)
  A gnoll bouda (D:4)
  An iguana (D:4)
  6 gnolls
  An adder (D:4)
  6 worms
  3 dart slugs
  5 orcs
  5 endoplasms
  A giant cockroach (D:1)
  4 goblins
  3 hobgoblins
  7 jackals
  4 ball pythons
  3 bats
  4 frilled lizards
  4 kobolds
  4 rats
67 creatures vanquished.

Notes
Turn   | Place    | Note
-------+----------+-------------------------------------------
     0 | D:1      | fireball365 the Hill Orc Fighter began the quest for the
                  | Orb.
     0 | D:1      | Reached XP level 1. HP: 19/19 MP: 1/1
   115 | D:1      | You fall into a shaft and drop 1 floor!
   155 | D:1      | Reached XP level 2. HP: 22/27 MP: 2/2
   282 | D:1      | Reached skill level 3 in Axes
   566 | D:1      | Reached XP level 3. HP: 33/33 MP: 3/3
   798 | D:1      | Found a faded altar of an unknown god.
   990 | D:2      | Found Musuem's Weapon Shop.
  1518 | D:3      | Reached skill level 4 in Axes
  1520 | D:3      | Reached XP level 4. HP: 12/40 MP: 4/4
  1772 | D:3      | Noticed Sigmund
  1817 | D:3      | Killed Sigmund
  1818 | D:3      | Reached skill level 6 in Axes
  1818 | D:3      | Reached XP level 5. HP: 33/46 MP: 5/5
  1818 | D:3      | Reached XP level 6. HP: 37/52 MP: 6/6
  2385 | D:4      | Reached skill level 5 in Armour
  2497 | D:4      | Reached skill level 7 in Axes
  2573 | D:4      | Reached XP level 7. HP: 54/58 MP: 7/7
  2628 | D:4      | Reached skill level 8 in Axes
  2628 | D:4      | Reached skill level 1 in Dodging
  2652 | D:4      | HP: 2/58 [poisoned by a water moccasin]
  2655 | D:4      | Succumbed to a water moccasin's poison

Illustrated notes

Levels and vault maps discovered:
D:1:      dpeg_arrival_three_same_balls, layout_rooms, serial_corexii_hall,
          chequers_hall_statues_wall_a, chequers_hall_statues_wall_a,
          shapermc_ecumenical_altar_hornbeckon
D:2:      layout_basic, serial_shops, nicolae_shop_trees
D:3:      layout_rooms, hangedman_decor_growths, uniq_sigmund
D:4:      corexii_shack_village, layout_loops_ring

Skill      XL: |  1  2  3  4  5  6  7 |
---------------+----------------------+-----
Axes           | 3 4 6 7 8 |  8.0
Armour         | 4 5 |  5.4
Shields        | 4 |  4.4
Dodging        | 1 |  1.0
Fighting       | |  3.8
Stealth        | |  0.2

Action                     |  1- 3 |  4- 6 |  7- 9 || total
---------------------------+-------+-------+-------++-------
  Melee: War axe           |    91 |    94 |    26 ||   211
    Use: Scroll            |     1 |     2 |     1 ||     4
 Armour: Scale mail        |    66 |     2 |       ||    68
         Chain mail        |       |    41 |     7 ||    48
  Dodge: Dodged            |    61 |    22 |     3 ||    86
  Block: Buckler           |    29 |     5 |       ||    34
         Kite shield       |       |    53 |    20 ||    73
         Reflection        |       |     1 |       ||     1
